 Dungeon Crawl Stone Soup version 0.29-a0-297-g7659ce593d (webtiles) character file.

Game seed: 1077902855728207632

753 Inarius the Scratcher (level 7, -3/24 HPs)
             Began as a Felid Chaos Knight on Mar 19, 2022.
             Was a Plaything of Xom.
             Shot with an arrow by a centaur (10 damage)
             ... on level 6 of the Dungeon on Mar 21, 2022.
             The game lasted 00:13:32 (8249 turns).

Inarius the Scratcher (Felid Chaos Knight)          Turns: 8249, Time: 00:13:33

Health: -3/24      AC:  4    Str:  8      XL:     7   Next: 49%
Magic:  8/8        EV: 25    Int: 10 (13) God:    Xom [.....*]
Gold:   248        SH:  4    Dex: 18      Spells: 6/6 levels left
                                        Lives:  0   Deaths: 2

rFire   . . .      SeeInvis +     - Unarmed
rCold   . . .      Faith    .   (shield unavailable)
rNeg    . . .      Spirit   .   (body armour unavailable)
rPois   .          Reflect  .   (helmet unavailable)
rElec   .          Harm     .   (cloak unavailable)
rCorr   .          Rampage  .   (gloves unavailable)
Will    +....                   (boots unavailable)
Stlth   +++.......              (no amulet)
HPRegen 0.08/turn               k - +4 ring of evasion
MPRegen 0.11/turn               f - ring of flight

@: flying, quick
A: very small, claws 1, fangs 3, see invisible, speed 1, shaggy fur 2, stealthy
paws, no weapons or thrown items, no armour, multi-lived, horns 1, iridescent
scales 1, large bone plates 1, deterioration 1, frail 2, screaming 1, wild magic
1
a: Renounce Religion


You were on level 6 of the Dungeon.
You worshipped Xom.
You were Xom's teddy bear.
You visited 1 branch of the dungeon, and saw 6 of its levels.

You collected 248 gold pieces.

Inventory:

Jewellery
 f - a ring of flight (right paw)
 k - a +4 ring of evasion (left paw)
Scrolls
 b - a scroll of immolation {unknown}
 g - a scroll of fear
 i - a scroll of magic mapping
 j - a scroll of identify {unknown}
 o - 2 scrolls of fog {unknown}
 p - a scroll of enchant weapon {unknown}
Potions
 c - 2 potions of mutation {unknown}
 d - a potion of resistance
 e - a potion of berserk rage {unknown}
 n - a potion of brilliance
Miscellaneous
 a - a piece from Xom's chessboard (6/15) (quivered)


   Skills:
 + Level 3.5 Fighting
 + Level 6.7 Dodging
 + Level 6.3 Stealth
 + Level 7.2 Unarmed Combat
 * Level 5.0 Evocations


You had 6 spell levels left.
You didn't know any spells.
Your spell library was empty.

Dungeon Overview and Level Annotations

Branches:
Dungeon (6/15)
 Temple: D:4-7

Altars:
Hepliaklqana
Zin

Shops:
D:3 =

Annotations:
D:3 3 runed translucent doors, Soel's ghost, amateur FoAK; conein's ghost, weakling PaWr; epen's ghost, amateur KoHu


Innate Abilities, Weirdness & Mutations

You have sharp claws.
You have razor-sharp teeth.
You have supernaturally acute eyesight. (SInv)
You cover ground quickly. (Speed+)
You are covered in thick fur. (AC +2)
Your paws help you pounce on unaware monsters.
You are incapable of wielding weapons or throwing items.
You cannot wear armour.
You gain extra lives every three experience levels.
You have a pair of small horns on your head.
You are partially covered in iridescent scales. (AC +2)
You are partially covered in large bone plates. (SH +4)
Your body sometimes deteriorates upon taking damage.
You are very frail. (-20% HP)
You occasionally shout uncontrollably at your foes.
Your spells are a little harder to cast, but a little more powerful.


Message History

You hear a shout!
You hear a shout!
There is a stone staircase leading up here.
The centaur shoots an arrow.
The arrow misses you.
You fly upwards.
There is a stone staircase leading down here.
There is a stone staircase leading down here.
You fly downwards.
The orc hits you with a +0 flail.
The orc priest begins to cast a cantrip, but forgets the words!
The orc barely misses you.
The orc priest looks satisfied for a moment.
The centaur shoots an arrow.
The arrow completely misses you.
There is a stone staircase leading up here.
The centaur shoots an arrow.
The arrow misses you. The orc hits you with a +0 flail!
The orc priest casts a cantrip, but nothing happens.
You fly upwards.
There is a stone staircase leading down here.
You are too injured to fight recklessly!
You are too injured to fight recklessly!
You claw the orc!
You kill the orc!
Things that are here:
a +0 flail; an orc corpse You start resting.
HP restored.
There is a stone staircase leading down here.
You fly downwards.
The centaur shoots an arrow.
The arrow barely misses you.
The orc wizard gestures at you while chanting.
You resist with almost no effort.
The orc priest calls down the wrath of Beogh upon you.
Beogh smites you!
Your body deteriorates!
You feel dopey.
The centaur shoots an arrow.
The arrow hits you!
* * * LOW HITPOINT WARNING * * *
Your body deteriorates!
You feel dopey.
There is a stone staircase leading up, spattered with blood here.
The centaur shoots an arrow.
The arrow hits you!
You die...
Xom bursts into laughter!

...# ....##.
#... .......
#.o. .......
#.co .......
##...###.......
#.o............
#.........$≈...
#......@#
#.....[...#
#...../...≈#
#....####..≈#
#.... ##.#≈#
#... .##≈# #..
?# #.# ### .≈
..


You could see a centaur, an orc priest, an orc wizard and an orc.

Vanquished Creatures
  Sigmund (D:5)
  A yak (D:5)
  A steam dragon (D:6)
  A sky beast (D:4)
  5 scorpions
  A jelly (D:5)
  4 orc priests
  A hound (D:5)
  4 iguanas
  Ijyb (D:5)
  6 orc wizards
  Robin (D:3)
  6 adders
  A white imp (D:5)
  2 worms
  25 orcs
  7 ball pythons
  8 bats
  2 endoplasms
  2 giant cockroaches (D:2)
  11 goblins
  13 hobgoblins
  2 jackals (D:3)
  4 kobolds
  5 frilled lizards
  4 rats
119 creatures vanquished.

Vanquished Creatures (others)
  A withered plant (D:1)
1 creature vanquished.

Grand Total: 120 creatures vanquished

Notes
Turn   | Place    | Note
-------+----------+-------------------------------------------
     0 | D:1      | Inarius the Felid Chaos Knight began the quest for the Orb.
     0 | D:1      | Reached XP level 1. HP: 10/10 MP: 2/2
   277 | D:1      | XOM: silly message
   448 | D:1      | XOM: noise
   601 | D:1      | Reached XP level 2. HP: 14/14 MP: 3/3
   766 | D:1      | XOM: divination: detect items
   946 | D:1      | Found a faded altar of an unknown god.
   965 | D:1      | Reached skill level 1 in Stealth
  1431 | D:1      | XOM: silly message
  1557 | D:2      | XOM: butterfly on damage
  1557 | D:2      | XOM: smoke on damage
  1694 | D:1      | XOM: silly message
  1781 | D:2      | Reached skill level 1 in Evocations
  1781 | D:2      | Reached XP level 3. HP: 17/17 MP: 4/4
  1864 | D:2      | XOM: give mutations
  1864 | D:2      | Gained mutation: You are occasionally teleported next to
                  | monsters. [Xom's mischief]
  1864 | D:2      | Gained mutation: You are frail. (-10% HP) [Xom's mischief]
  1962 | D:2      | XOM: god gift: bubbling white potion {god gift}
  2129 | D:2      | XOM is BORED!
  2129 | D:2      | XOM: give mutations
  2129 | D:2      | Gained mutation: You are clumsy. (Dex -2) [Xom's mischief]
  2129 | D:2      | Lost mutation: You are occasionally teleported next to
                  | monsters. [Xom's mischief]
  2129 | D:2      | Gained mutation: You are very clumsy. (Dex -4) [Xom's
                  | mischief]
  2189 | D:2      | Reached XP level 4. HP: 16/18 MP: 5/5
  2473 | D:3      | XOM: noise
  2938 | D:3      | Found a runed translucent gate.
  2938 | D:3      | Found a runed translucent gate.
  2977 | D:3      | Reached skill level 4 in Unarmed Combat
  3215 | D:3      | Reached XP level 5. HP: 17/21 MP: 6/6
  3282 | D:3      | Found a runed translucent gate.
  3282 | D:3      | Noticed epen's ghost (amateur KoHu)
  3284 | D:3      | Noticed conein's ghost (weakling PaWr)
  3284 | D:3      | Noticed Soel's ghost (amateur FoAK)
  3661 | D:3      | Found Fearym's Jewellery Shoppe.
  3810 | D:3      | XOM: noise
  3850 | D:3      | Upgraded the game from 0.29-a0-296-gda187f2e07 to
                  | 0.29-a0-297-g7659ce593d
  3859 | D:4      | XOM: cast spell 'Dispersal'
  3874 | D:4      | Reached skill level 5 in Dodging
  3874 | D:4      | Gained mutation: You are covered in thick fur. (AC +2)
                  | [Felid growth]
  3874 | D:4      | Reached XP level 6. HP: 15/25 MP: 7/7
  4035 | D:4      | Noticed Robin
  4129 | D:3      | XOM: silly message
  4227 | D:3      | Killed Robin
  4264 | D:4      | XOM: cast spell 'Olgreb's Toxic Radiance'
  4267 | D:4      | XOM: give mutations
  4267 | D:4      | Lost mutation: You are very clumsy. (Dex -4) [Xom's
                  | mischief]
  4267 | D:4      | Gained mutation: You occasionally shout uncontrollably at
                  | your foes. [Xom's mischief]
  4267 | D:4      | Lost mutation: You are clumsy. (Dex -2) [Xom's mischief]
  4267 | D:4      | Gained mutation: You are very frail. (-20% HP) [Xom's
                  | mischief]
  4387 | D:3      | XOM: silly message
  4593 | D:3      | XOM: give mutation
  4593 | D:3      | Gained mutation: You expend magic power (3 MP) to
                  | strengthen your wands. [Xom's grace]
  4866 | D:4      | Found a hazy altar of Hepliaklqana.
  4903 | D:5      | Entered Level 5 of the Dungeon
  4903 | D:5      | Noticed a sky beast
  4912 | D:4      | Killed a sky beast
  4935 | D:4      | XOM: give mutations
  4935 | D:4      | Gained mutation: You have a pair of small horns on your
                  | head. [Xom's grace]
  4935 | D:4      | Gained mutation: You are partially covered in large bone
                  | plates. (SH +4) [Xom's grace]
  4935 | D:4      | Gained mutation: You are partially covered in iridescent
                  | scales. (AC +2) [Xom's grace]
  4935 | D:4      | Gained mutation: Your spells are a little harder to cast,
                  | but a little more powerful. [Xom's grace]
  4959 | D:5      | Noticed Sigmund
  5166 | D:4      | Reached skill level 5 in Stealth
  5174 | D:4      | Reached skill level 5 in Unarmed Combat
  5346 | D:4      | XOM: divination: detect creatures
  5379 | D:5      | XOM: silly message
  5387 | D:4      | XOM: potion effect (brilliance)
  5395 | D:4      | Reached XP level 7. HP: 10/24 MP: 8/8
  5644 | D:3      | XOM: divination: magic mapping
  5763 | D:5      | XOM: divination: magic mapping
  5765 | D:5      | XOM: butterfly on damage
  6002 | D:5      | XOM: butterfly on damage
  6298 | D:5      | XOM: noise
  6334 | D:5      | Noticed a yak
  6349 | D:5      | Identified the +0 ring mail "Tiomneh" {+Blink rPois}
  6565 | D:5      | Killed Sigmund
  6565 | D:5      | XOM: cast spell 'Call Canine Familiar'
  6566 | D:5      | XOM: confusion
  6570 | D:5      | Killed from afar by an orc priest
  6571 | D:5      | Reached XP level 6. HP: -5/22 MP: 5/7
  6651 | D:5      | Noticed Ijyb
  6714 | D:5      | Killed Ijyb
  6715 | D:5      | Reached skill level 6 in Unarmed Combat
  6817 | D:5      | XOM: 1-stop teleportation journey
  6824 | D:5      | XOM: confusion
  6845 | D:5      | Reached XP level 7. HP: 22/24 MP: 8/8
  6854 | D:5      | Killed a yak
  6967 | D:5      | XOM: give mutations
  6967 | D:5      | Gained mutation: Your body sometimes deteriorates upon
                  | taking damage. [Xom's mischief]
  6967 | D:5      | Lost mutation: You expend magic power (3 MP) to strengthen
                  | your wands. [Xom's mischief]
  6968 | D:5      | Killed from afar by an orc priest
  6969 | D:5      | Reached XP level 6. HP: -4/22 MP: 7/7
  7086 | D:5      | XOM: swap monsters
  7087 | D:5      | XOM: divination: detect creatures
  7747 | D:5      | XOM: butterfly on damage
  7902 | D:5      | Reached XP level 7. HP: 24/24 MP: 8/8
  7998 | D:5      | XOM: cleaving
  8027 | D:5      | Found a glowing silver altar of Zin.
  8085 | D:6      | Noticed a steam dragon
  8090 | D:6      | Killed a steam dragon
  8091 | D:6      | Reached skill level 7 in Unarmed Combat
  8091 | D:6      | Reached skill level 5 in Evocations
  8249 | D:6      | Shot with an arrow by a centaur

Illustrated notes

Levels and vault maps discovered:
D:1:      dreamdust_arrival_sigmund_warning, layout_loops_ring,
          shapermc_ecumenical_altar_flowoftime
D:2:      layout_rooms, minmay_diced_spiral
D:3:      layout_basic, serial_shops, nicolae_shop_statue_plus,
          gammafunk_ghost_cemetery, chequers_mini_garden, st_stairs_14,
          kennysheep_generic_room_15
D:4:      layout_basic, nzn_hepliaklqana_mist_gate, uniq_robin
D:5:      minmay_general_purpose_star, layout_rooms, zin_scriptorium, uniq_ijyb,
          uniq_sigmund
D:6:      layout_rooms, minmay_temple_entry_fiery, nicolae_water_bricks

Skill      XL: |  1  2  3  4  5  6  7 |
---------------+----------------------+-----
Stealth        | 1 2 3 4 5 6 |  6.3
Evocations     | 1 2 4 5 |  5.0
Unarmed Combat | 4 6 7 |  7.2
Dodging        | 5 6 |  6.7
Fighting       | |  3.5

Action                   |  1- 3 |  4- 6 |  7- 9 || total
-------------------------+-------+-------+-------++-------
Melee: Unarmed           |   111 |   293 |    59 ||   463
       Bite              |     8 |    34 |     5 ||    47
       Punch             |     1 |     5 |     3 ||     9
       Headbutt          |       |    28 |    13 ||    41
Evoke: Piece from Xom's  |    11 |    11 |    11 ||    33
       Wand              |     2 |     4 |     1 ||     7
  Use: Potion            |       |     3 |     3 ||     6
       Scroll            |       |     2 |     5 ||     7
 Stab: Sleeping          |     1 |     8 |     1 ||    10
       Paralysed         |     2 |     8 |     2 ||    12
       Petrified         |     1 |       |     2 ||     3
Armor: Skin              |     7 |    11 |     5 ||    23
Dodge: Dodged            |   104 |   237 |    45 ||   386
Block: Other             |       |    16 |     7 ||    23

Table legend: (Time is in decaauts)
 A = Elapsed time spent in this place.
 B = Non-inter-level travel time spent in this place.
 C = Inter-level travel time spent in this place.
 D = Time resting spent in this place.
 E = Time spent auto-exploring this place.
 F = Levels seen in this place.
 G = Mean time per level.
                   A        B        C        D        E       F      G
               +--------+--------+--------+--------+--------+-----+--------+
         Total |   7615 |   7378 |    237 |   3686 |   2417 |   6 | 1269.2 |
       Dungeon |   7615 |   7378 |    237 |   3686 |   2417 |   6 | 1269.2 |
               +--------+--------+--------+--------+--------+-----+--------+

Top non-repeatable levels by time:
     D:3: 1864 daAuts
     D:5: 1743 daAuts
     D:1: 1697 daAuts
     D:4: 1390 daAuts
     D:2: 908 daAuts
     D:6: 11 daAuts
